 Dungeon Crawl Stone Soup version 0.21-a0-471-gd587bd5 (webtiles) character file.

4 kae the Ruffian (level 1, 0/16 HPs)
             Began as a Draconian Transmuter on Nov 21, 2017.
             Slain by a hobgoblin
             ... wielding a +0 club
              (3 damage)
             ... on level 1 of the Dungeon.
             The game lasted 00:00:14 (224 turns).

kae the Ruffian (Draconian Transmuter)               Turns: 224, Time: 00:00:15

Health: 0/16       AC:  4    Str: 12    XL:     1   Next: 58%
Magic:  3/3        EV: 12    Int: 13    God:
Gold:   13         SH:  0    Dex: 11    Spells: 3/4 levels left

rFire    . . .     SeeInvis .   d - +0 club
rCold    . . .     Gourm    .   (no shield)
rNeg     . . .     Faith    .   (armour unavailable)
rPois    .         Spirit   .   (helmet restricted)
rElec    .         Reflect  .   (no cloak)
rCorr    .         Harm     .   (no gloves)
MR       .....                  (no boots)
Stlth    +.........             (no amulet)
HPRegen  0.05/turn              (no ring)
MPRegen  0.08/turn              (no ring)

@: no status effects
A: unfitting armour, cold-blooded, AC +4
a: no special abilities


You were on level 1 of the Dungeon.
You were not hungry.

You visited 1 branch of the dungeon, and saw 1 of its levels.

You collected 13 gold pieces.

Inventory:

Hand Weapons
 d - a +0 club (weapon)
Missiles
 a - 12 arrows
Scrolls
 e - a scroll of enchant armour {unknown}
Books
 b - a book of Changes

   Spells                             Type                      Level
   a - Beastly Appendage              Transmutation                1
   b - Sticks to Snakes               Transmutation                2
   c - Spider Form                    Transmutation/Poison         3
   d - Ice Form                       Ice/Transmutation            4
   e - Blade Hands                    Transmutation                5
Comestibles
 c - 2 bread rations
 f - 4 fruits


   Skills:
 + Level 1.2 Fighting
 - Level 1.7 Dodging
 * Level 3.1 Unarmed Combat
 + Level 2.0 Spellcasting
 * Level 2.1 Transmutations


You had 3 spell levels left.
You knew the following spells:

 Your Spells              Type           Power        Failure   Level  Hunger
a - Beastly Appendage     Tmut           #.....       11%         1    ##.....


Dungeon Overview and Level Annotations

Branches:
Dungeon (1/15)

Altars:


Innate Abilities, Weirdness & Mutations

Your plain brown scales are hard. (AC +4)
You cannot fit into any form of body armour.
You are cold-blooded and may be slowed by cold attacks.


Message History

You are too injured to fight recklessly!
You hit the hobgoblin. Your kick misses the hobgoblin.
Your punch misses the hobgoblin.
The hobgoblin is moderately wounded.
Your talons disappear.
The hobgoblin barely misses you.
You hit the hobgoblin.
Your tail-slap misses the hobgoblin.
The hobgoblin is almost dead.
The hobgoblin hits you but does no damage.
You hit the goblin but do no damage.
You tail-slap the goblin, but do no damage.
The goblin is moderately wounded.
The hobgoblin barely misses you. The goblin hits you with a dagger.
* * * LOW HITPOINT WARNING * * *
You miss the goblin.
The goblin is moderately wounded.
The hobgoblin completely misses you. The goblin hits you but does no damage.
Unknown command.
The hobgoblin hits you with a club.
You die...

#...##.###'###.###'###
##.###.'.............+
#.###.###'###.###'###
#.....# #.# #.# #.#
#.##..# #.###.###.#
#.###.# #...'.'...#
#.# #.# #####.#####
#.##.###.# #.#
#......@g#######+#
########g........
###.##.##. ... #.#..
.. ?# ... .. ..# . ..#


You could see a hobgoblin and a goblin.

Vanquished Creatures
  A goblin (D:1)
  A hobgoblin (D:1)
  A kobold (D:1)
  2 rats (D:1)
5 creatures vanquished.

Notes
Turn   | Place    | Note
-------+----------+-------------------------------------------
     0 | D:1      | kae the Draconian Transmuter began the quest for the Orb.
     0 | D:1      | Reached XP level 1. HP: 16/16 MP: 3/3
   224 | D:1      | Slain by a hobgoblin

Vault maps used:
D:1:      co_arrival_square_in_a_square_in_a_square, minmay_splitting_lines,
          minmay_misc_feat_four_crosses, minmay_door_square, bh_walls_and_bars

Action                   || total
-------------------------++-------
Melee: Unarmed           ||    12
       Club              ||    10
       Tailslap          ||     4
       Kick              ||     2
 Cast: Beastly Appendage ||     1
Armor: Skin              ||     1
Dodge: Dodged            ||    14

Table legend:
 A = Spawn XP
 B = Non-spawn XP
 C = Spawn XP percentage of total XP
 D = Spawn monster count
 E = Non-spawn monster count
 F = Spawn count percentage of total count
 G = Total turns spent on level
                    A         B        C        D         E        F      G
               +---------+---------+-------+---------+---------+-------+---------
         Total |       0 |       7 |   0.0 |       0 |       5 |   0.0 |   224
               +---------+---------+-------+---------+---------+-------+---------
           D:1 |       0 |       7 |   0.0 |       0 |       5 |   0.0 |   224
               +---------+---------+-------+---------+---------+-------+---------
